 Dungeon Crawl Stone Soup version 0.20.1-1-g8b1a95d (console) character file.

485 hilaritas the Gouger (level 6, -1/42 HPs)
             Began as a Felid Berserker on Oct 15, 2017.
             Was an Elder of Trog.
             Slain by an ice beast (4 damage)
             ... on level 5 of the Dungeon.
             The game lasted 00:12:44 (6799 turns).

hilaritas the Gouger (Felid Berserker)              Turns: 6799, Time: 00:12:45

Health: -1/42      AC:  2    Str: 20    XL:     6   Next: 88%
Magic:  7/7        EV: 19    Int:  8    God:    Trog [****..]
Gold:   205        SH:  0    Dex: 16    Spells: 5/5 levels left
                                        Lives:  0   Deaths: 2

rFire    . . .     SeeInvis +     - Unarmed
rCold    . . .     Gourm    .   (shield unavailable)
rNeg     . . .     Faith    +   (armour unavailable)
rPois    .         Spirit   .   (helmet unavailable)
rElec    .         Reflect  .   (cloak unavailable)
rCorr    .         Harm     .   (gloves unavailable)
MR       ++...                  (boots unavailable)
Stlth    ..........             h - amulet of faith
Regen    1.2/turn               (no ring)
MPRegen  0.1/turn               (no ring)

@: berserking, regenerating, very quick
A: no armour, no weapons or thrown items, stealth, claws 1, fangs 3, see
invisible, carnivore 3, speed 1, shaggy fur 2, slow metabolism 1, sharp paws
a: Berserk, Trog's Hand, Brothers in Arms, Burn Spellbooks, Renounce Religion


You were on level 5 of the Dungeon.
You worshipped Trog.
Trog was greatly pleased with you.
You were full.

You visited 1 branch of the dungeon, and saw 5 of its levels.
You also visited: Ossuary.

You collected 205 gold pieces.

Inventory:

Jewellery
 h - an amulet of faith (around neck)
 i - an uncursed ring of magical power
Scrolls
 b - 2 scrolls of teleportation
 c - a scroll of remove curse
 d - 5 scrolls of identify
 j - a scroll of fog
Potions
 e - a potion of might
 f - a potion of invisibility
 g - 3 potions of berserk rage
 k - 2 potions of heal wounds
 o - 2 potions of ambrosia
 q - a potion of curing {unknown}
Books
 m - a book of Party Tricks

   Spells                             Type                      Level
   a - Summon Butterflies             Summoning                    1
   b - Apportation                    Translocation                1
   c - Lesser Beckoning               Translocation                3
   d - Tukima's Dance                 Hexes                        3
   e - Alistair's Intoxication        Transmutation/Poison         5
   f - Invisibility                   Hexes                        6
   Trog disapproves of the use of such an item.
Comestibles
 a - 5 meat rations
 l - 2 royal jellies


   Skills:
 - Level 3.0 Fighting
 - Level 4.0 Dodging
 + Level 5.3 Stealth
 * Level 9.1 Unarmed Combat


You had 5 spell levels left.
You didn't know any spells.

Dungeon Overview and Level Annotations

Branches:
Dungeon (5/15)             Temple (0/1) D:4

Altars:
Elyvilon
Fedhas
Hepliaklqana
Qazlal
Sif Muna
Uskayaw
Zin


Innate Abilities, Weirdness & Mutations

You cannot wear armour.
You are incapable of wielding weapons or throwing items.
Your paws allow you to move quietly. (Stealth)
You have sharp claws.
You have razor-sharp teeth.
You have supernaturally acute eyesight. (SInv)
You are carnivorous and can eat meat at any time.
You cover ground quickly.
You are covered in thick fur. (AC +2)
You have a slow metabolism.
Your sharp claws are effective at attacking unaware monsters.


Message History

You feel resistant to hostile enchantments.
The worker ant barely misses you. The ice beast misses you.
A red film seems to cover your vision as you go berserk!
You feel yourself moving faster!
You feel mighty!
You feel a lot less full. The worker ant misses you. The ice beast hits you.
The ice beast freezes you!
* * * LOW HITPOINT WARNING * * *
You scratch the ice beast.
The ice beast is moderately wounded.
The worker ant completely misses you.
You barely miss the ice beast. You claw the ice beast.
The ice beast is moderately wounded.
The worker ant completely misses you. The ice beast completely misses you.
You barely miss the ice beast. Your bite misses the ice beast.
The ice beast is moderately wounded.
You scratch the ice beast.
The ice beast is heavily wounded.
The worker ant bites you.
* * * LOW HITPOINT WARNING * * *
The ice beast hits you.
You die...

##..#........?...#######
###########......#.....#
....... #......'.....#
....... #......#.....#
########+##......#....##
.................######
.........).......#
.................#
.................#
.................#######
########......##@a.....#
#......#.Y#.....#
#......#..#.....#
#......#..# ....# .....
#..# ....# # #..# ...#
#..# ...># .. #..#
....######. ..........#
..........# #####
.....>....#


You could see an ice beast and a worker ant.

Vanquished Creatures
  3 ogres
  2 water moccasin zombies (Ossuary)
  3 scorpions
  A hound (D:5)
  2 orc wizards
  An iguana (D:4)
  An orc priest (D:4)
  2 worker ants (D:4)
  2 big kobold zombies (Ossuary)
  A hound skeleton (D:5)
  A mummy (Ossuary)
  7 adders
  4 gnolls (D:5)
  A shadow imp (D:5)
  7 adder zombies (Ossuary)
  2 worms
  3 dart slugs (D:2)
  4 leopard geckos
  16 orcs
  4 giant cockroaches
  4 gnoll zombies (Ossuary)
  15 goblins
  10 hobgoblins
  13 jackals
  6 kobolds
  2 quokkas
  5 bats
  13 frilled lizards
  4 hobgoblin zombies (Ossuary)
  3 kobold zombies (Ossuary)
  A leopard gecko skeleton (D:4)
  3 orc zombies (Ossuary)
  A quokka skeleton (D:4)
  3 rats
150 creatures vanquished.

Vanquished Creatures (others)
  A mummy (Ossuary)
1 creature vanquished.

Grand Total: 151 creatures vanquished

Notes
Turn   | Place    | Note
-------+----------+-------------------------------------------
     0 | D:1      | hilaritas the Felid Berserker began the quest for the Orb.
     0 | D:1      | Reached XP level 1. HP: 10/10 MP: 2/2
   143 | D:1      | Reached skill level 1 in Stealth
   308 | D:1      | Reached XP level 2. HP: 14/14 MP: 3/3
  1389 | D:2      | Reached skill level 4 in Unarmed Combat
  1389 | D:2      | Reached XP level 3. HP: 1/17 MP: 4/4
  2084 | D:2      | Reached ** piety under Trog
  2169 | D:2      | Reached XP level 4. HP: 17/21 MP: 5/5
  2333 | D:2      | Found a white marble altar of Elyvilon.
  2807 | D:3      | Reached skill level 5 in Unarmed Combat
  2944 | D:3      | Reached XP level 5. HP: 24/24 MP: 6/6
  3121 | D:3      | Found a blossoming altar of Fedhas.
  3190 | D:3      | Found a glowing silver altar of Zin.
  3191 | D:3      | Found a hazy altar of Hepliaklqana.
  3195 | D:3      | Found a hide-covered altar of Uskayaw.
  3758 | D:4      | Found a sand-covered staircase.
  3763 | Ossuary  | Entered an ossuary
  3806 | Ossuary  | Reached *** piety under Trog
  4045 | Ossuary  | Reached skill level 6 in Unarmed Combat
  4262 | Ossuary  | Gained mutation: You are covered in thick fur. (AC +2) [Felid growth]
  4262 | Ossuary  | Reached XP level 6. HP: 25/28 MP: 7/7
  4597 | D:4      | Found a stormy altar of Qazlal.
  4616 | D:4      | Found a staircase to the Ecumenical Temple.
  4755 | D:4      | Reached **** piety under Trog
  4755 | D:4      | Reached skill level 7 in Unarmed Combat
  4761 | D:4      | Reached XP level 7. HP: 5/31 MP: 8/8
  4762 | D:4      | Slain by an orc
  4763 | D:4      | Reached XP level 6. HP: 0/42 MP: 7/7
  5045 | D:4      | Found a deep blue altar of Sif Muna.
  5753 | D:4      | Reached skill level 8 in Unarmed Combat
  5871 | D:4      | Reached skill level 5 in Stealth
  6229 | D:5      | Entered Level 5 of the Dungeon
  6343 | D:5      | Reached XP level 7. HP: 31/31 MP: 8/8
  6609 | D:5      | Slain by a scorpion
  6610 | D:5      | Reached XP level 6. HP: 0/42 MP: 7/7
  6722 | D:5      | Reached skill level 9 in Unarmed Combat
  6788 | D:5      | Noticed an ice beast
  6799 | D:5      | Slain by an ice beast

Skill      XL: |  1  2  3  4  5  6 |
---------------+-------------------+-----
Stealth        | 1 2 3 4 5 |  5.3
Unarmed Combat | 4 5 6 9 |  9.1
Fighting       | |  3.0
Dodging        | |  4.0

Action                   |  1- 3 |  4- 6 |  7- 9 || total
-------------------------+-------+-------+-------++-------
Melee: Unarmed           |   101 |   264 |    23 ||   388
       Punch             |     2 |     8 |       ||    10
       Bite              |     3 |    28 |     2 ||    33
Invok: Berserk           |     1 |     6 |     1 ||     8
       Trog's Hand       |       |     4 |     1 ||     5
  Use: Scroll            |       |    17 |     1 ||    18
 Stab: Sleeping          |     9 |    16 |     1 ||    26
       Distracted        |       |     1 |       ||     1
  Eat: Chunk             |    11 |    21 |     1 ||    33
Armor: Skin              |     3 |     9 |     2 ||    14
Dodge: Dodged            |    58 |   142 |    13 ||   213
